 Dungeon Crawl Stone Soup version 0.31-a0-977-gc230f8ef24 (webtiles) character file.

Game seed: 1927006296502006202

156 Ofeo the Vexing (level 5, -1/38 HPs)
             Began as a Barachi Hexslinger on Oct 29, 2023.
             Slain by a goblin
             ... wielding a +0 club
              (3 damage)
             ... on level 2 of the Dungeon.
             The game lasted 00:03:43 (3427 turns).

Ofeo the Vexing (Barachi Hexslinger)                Turns: 3427, Time: 00:03:43

Health: -1/38      AC:  4    Str: 10    XL:     5   Next: 37%
Magic:  7/7        EV: 13    Int: 13    God:
Gold:   73         SH:  0    Dex: 16    Spells: 7/7 levels left

rFire   . . .        a - +0 arbalest
rCold   . . .        (shield currently unavailable)
rNeg    . . .        c - +0 robe
rPois   .            (no helmet)
rElec   .            (no cloak)
rCorr   .            f - +1 pair of gloves
SInv    .            (no boots)
Will    .....        (no amulet)
Stlth   +            (no ring)
HPRegen 0.26/turn    (no ring)
MPRegen 0.10/turn

%: no passive effects
@: unable to hop, hasted, quick
A: amphibious, slowness 1, strong legs 1, +LOS
a: Hop


You were on level 2 of the Dungeon.
You visited 1 branch of the dungeon, and saw 3 of its levels.

You collected 118 gold pieces.
You spent 45 gold pieces at shops.

Inventory:

Hand Weapons
 a - a +0 arbalest (weapon)
 k - a +1 sling
Armour
 c - a +0 robe (worn)
 f - a +1 pair of gloves (worn)
Wands
 p - a wand of iceblast (13) {@v4}
Scrolls
 b - a scroll of poison
 d - a scroll of immolation
 h - a scroll of fear {unknown}
 i - a scroll of enchant armour
 m - a scroll of amnesia {unknown}
 o - a scroll of teleportation {@r3}
Potions
 g - a potion of brilliance {unknown}
 j - a potion of enlightenment {unknown}
 l - a potion of invisibility {unknown}
 n - a potion of might {unknown}
 s - 3 potions of haste {@q3}
 R - a potion of berserk rage


   Skills:
 - Level 2.1 Fighting
 + Level 3.8 Ranged Weapons
 - Level 2.8 Dodging
 - Level 1.9 Spellcasting
 - Level 3.8 Hexes
 - Level 1.9 Fire Magic


You had 7 spell levels left.
You didn't know any spells.
Your spell library contained the following spells:

 Spells                   Type           Power      Damage    Failure   Level
 Jinxbite                 Hex            22%        N/A       9%          2
 Sigil of Binding         Hex            11%        N/A       16%         3
 Ensorcelled Hibernation  Hex/Ice        12%        N/A       19%         2
 Inner Flame              Hex/Fire       8%         N/A       24%         3
 Summon Small Mammal      Summ           4%         N/A       26%         1
 Summon Guardian Golem    Hex/Summ       6%         N/A       34%         3
 Cause Fear               Hex            5%         N/A       47%         4
 Call Canine Familiar     Summ           1%         N/A       61%         3
 Anguish                  Hex/Necr       3%         N/A       75%         4
 Dimensional Bullseye     Hex/Tloc       3%         N/A       75%         4
 Animate Dead             Necr           1%         N/A       95%         4
 Haunt                    Necr/Summ      0%         N/A       100%        7
 Infestation              Necr           0%         N/A       100%        8


Dungeon Overview and Level Annotations

Branches:
Dungeon (3/15)

Altars:

Shops:
D:3 (


Innate Abilities, Weirdness & Mutations

You are amphibious.
You cover ground slowly.
You can hop short distances.
You have an extended range of vision and can be seen from far away.


Message History

The goblin hits you with a +0 club. The hobgoblin hits you with a +0 club.
The goblin hits you but does no damage.
You take 8 damage, and have 30/38 hp.
MASSIVE DAMAGE!!
Fire: a) +0 arbalest
Press: ? - help, Q - select action, (/) - cycle Shift-Dir - straight line, p - hobgoblin You shoot a bolt.
The goblin barely misses you. The hobgoblin hits you with a +0 club.
The hobgoblin misses you. The goblin misses you.
The hobgoblin hits you with a +0 club.
You take 7 damage, and have 23/38 hp.
The hobgoblin closely misses you. The goblin closely misses you.
The hobgoblin hits you with a +0 club!
You climb upwards.
There is a stone staircase leading down here.
You take 6 damage, and have 17/38 hp.
You shoot a bolt.
The bolt hits the hobgoblin but does no damage.
The hobgoblin hits you with a +0 club. The goblin hits you with a +0 club.
The hobgoblin barely misses you. The hobgoblin hits you with a +0 club.
* * * LOW HITPOINT WARNING * * *
The goblin hits you but does no damage.
The hobgoblin hits you but does no damage.
You take 9 damage, and have 8/38 hp.
MASSIVE DAMAGE!!
You shoot a bolt. The bolt closely misses the hobgoblin.
The hobgoblin misses you. The goblin closely misses you.
The hobgoblin closely misses you. The hobgoblin barely misses you.
You shoot a bolt. The bolt hits the hobgoblin!!
You kill the hobgoblin!
The goblin barely misses you. The hobgoblin hits you with a +0 club.
* * * LOW HITPOINT WARNING * * *
The goblin closely misses you. The hobgoblin hits you with a +0 club.
* * * LOW HITPOINT WARNING * * *
You take 8 damage, and have 1/38 hp.
MASSIVE DAMAGE!!
Hop to where?
Press: ? - help, Dir - move target Boing!
It was a potion of haste.
You feel yourself speed up.
s - 3 potions of haste The goblin attacks as it pursues you!
The goblin hits you with a +0 club.
You die...

..........#.#.# #########
♣##########.#.# #........ #
#..#.# #.####### #.##.# #.#
#.##.# #.# #.##<# #.# #.##.# #.#
##########.##.##### #.###
#.............).@.#######...#####
#.########.##...g................
........##.######.####..#........
#.#####.##.# ##.)g####......###..
..# #.##.# #...○.##†.......##..
### #.##.###.###....###....##.. #
#...............####..####.
##♣#♣#####.##...........#........
♣.....♣....##..####...#####......


You could see a hobgoblin and a goblin.

Vanquished Creatures
  An adder (D:2)
  2 gnolls (D:3)
  2 worms (D:3)
  4 endoplasms
  3 giant cockroaches
  21 hobgoblins
  4 jackals (D:1)
  5 quokkas
  8 ball pythons
  8 bats
  4 frilled lizards
  31 goblins
  6 kobolds
  5 rats
104 creatures vanquished.

Notes
Turn   | Place    | Note
-------+----------+-------------------------------------------
     0 | D:1      | Ofeo the Barachi Hexslinger began the quest for the Orb.
     0 | D:1      | Reached XP level 1. HP: 15/15 MP: 2/2
   174 | D:1      | Reached XP level 2. HP: 21/21 MP: 3/3
   561 | D:1      | Reached XP level 3. HP: 27/27 MP: 5/5
  2035 | D:3      | Found a faded altar of an unknown god.
  2080 | D:3      | Reached XP level 4. HP: 29/33 MP: 6/6
  2550 | D:3      | Found Moen's Weapon Emporium.
  2556 | D:3      | Bought a +0 arbalest for 45 gold pieces
  2907 | D:3      | Reached XP level 5. HP: 21/38 MP: 7/7
  3424 | D:2      | HP: 1/38 [hobgoblin/+0 club (4)]
  3427 | D:2      | Slain by a goblin

Illustrated notes

Levels and vault maps discovered:
D:1:      scummos_arrival_forest, layout_loops_ring
D:2:      layout_loops_ring, serial_forest, infiniplex_forest_lined_room_,
          infiniplex_forest_lined_1, infiniplex_forest_3_way,
          infiniplex_forest_clump_diagonal, infiniplex_forest_lined_ring,
          infiniplex_forest_clump_large, infiniplex_forest_straight_4,
          infiniplex_forest_diagonal, infiniplex_forest_clump_curved,
          hangedman_decor_growths
D:3:      minmay_goblin_kobold_castle, layout_basic, serial_shops,
          nicolae_shop_bloodbath_and_beyond,
          hellmonk_ecumenical_altar_crossroads, serial_bayou_crossing

Skill      XL: |  1  2  3  4 |
---------------+-------------+-----
Fighting       | 2 |  2.1
Ranged Weapons | 3 |  3.8
Dodging        | |  2.8
Spellcasting   | |  1.9
Hexes          | |  3.8
Fire Magic     | |  1.9

Action                     |  1- 3 |  4- 6 || total
---------------------------+-------+-------++-------
   Fire: Sling             |   137 |    32 ||   169
         Arbalest          |       |    89 ||    89
Ability: Hop               |       |     2 ||     2
    Use: Scroll            |     5 |     1 ||     6
         Potion            |       |     1 ||     1
 Armour: Robe              |    46 |    77 ||   123
  Dodge: Dodged            |    47 |    85 ||   132

Table legend: (Time is in decaauts)
 A = Elapsed time spent in this place.
 B = Non-inter-level travel time spent in this place.
 C = Inter-level travel time spent in this place.
 D = Time resting spent in this place.
 E = Time spent auto-exploring this place.
 F = Levels seen in this place.
 G = Mean time per level.
                   A        B        C        D        E       F      G
               +--------+--------+--------+--------+--------+-----+--------+
         Total |   4049 |   3987 |     62 |    299 |   3033 |   3 | 1349.7 |
       Dungeon |   4049 |   3987 |     62 |    299 |   3033 |   3 | 1349.7 |
               +--------+--------+--------+--------+--------+-----+--------+

Top non-repeatable levels by time:
     D:2: 1762 daAuts
     D:3: 1362 daAuts
     D:1: 924 daAuts
